 Dungeon Crawl Stone Soup version 0.19.1 (console) character file.

93 Jesseh the Magician (level 4, -4/30 HPs)
             Began as a Demonspawn Wizard on Nov 23, 2016.
             Killed from afar by an orc wizard (6 damage)
             ... with a magic dart
             ... on level 3 of the Dungeon.
             The game lasted 00:11:43 (2066 turns).

Jesseh the Magician (Demonspawn Wizard)             Turns: 2066, Time: 00:11:43

Health: -4/30      AC:  2    Str:  7    XL:     4   Next: 36%
Magic:  1/9        EV: 12    Int: 21    God:
Gold:   92         SH:  0    Dex: 11    Spells: 3 memorised, 4 levels left

rFire  . . .     SeeInvis .     m - +0 dagger
rCold  . . .     Gourm    .     u - +0 robe {MR+}
rNeg   . . .     Faith    .     (no shield)
rPois  .         Spirit   .     b - +0 hat
rElec  .         Reflect  .     (no cloak)
rCorr  .         Harm     .     (no gloves)
MR     +....                    (no boots)
Stlth  ++........               (no amulet)
                                (no ring)
                                y - ring of flight

@: no status effects
A: talons 1, spiny 2
a: Evoke Flight


You were on level 3 of the Dungeon.
You were not hungry.

You visited 1 branch of the dungeon, and saw 3 of its levels.

You collected 92 gold pieces.

Inventory:

Hand Weapons
 m - a +0 dagger (weapon)
   (You took it off a goblin on level 1 of the Dungeon)
 A - a +4 short sword of venom
   (You took it off a kobold on level 2 of the Dungeon)
Armour
 a - a +0 robe
 b - a +0 hat (worn)
 u - a +0 robe of magic resistance (worn)
   (You found it on level 2 of the Dungeon)
Jewellery
 y - a ring of flight (left hand)
   (You found it on level 2 of the Dungeon)
 B - an uncursed ring of see invisible {unknown}
   (You took it off a hobgoblin on level 2 of the Dungeon)
Scrolls
 e - a scroll of enchant armour {unknown}
 j - a scroll of noise {unknown}
 k - a scroll of magic mapping {unknown}
 l - 2 scrolls of identify {unknown}
 o - a scroll of immolation {unknown}
 q - a scroll of fear {unknown}
 r - a scroll of teleportation {unknown}
 s - a scroll of fog {unknown}
 t - 2 scrolls of remove curse {unknown}
 x - a scroll of blinking {unknown}
Potions
 f - a potion of cancellation {unknown}
 i - 2 potions of berserk rage {unknown}
 n - 2 potions of magic {unknown}
 w - a potion of flight {unknown}
 z - 2 potions of curing {unknown}
Books
 c - a book of Minor Magic
Comestibles
 d - 3 bread rations
 g - 2 beef jerkies
 h - 9 chunks of flesh
 p - a meat ration
 v - 6 fruits


   Skills:
 - Level 1.7 Dodging
 - Level 1.7 Stealth
 * Level 3.6 Spellcasting
 - Level 3.0 Conjurations
   Level 1.0 Summonings
 - Level 0.8 Translocations
 + Level 1.0 Air Magic
 + Level 1.1 Poison Magic


You had 4 spell levels left.
You knew the following spells:

 Your Spells              Type           Power        Failure   Level  Hunger
a - Magic Dart            Conj           ###.         4%          1    None
b - Blink                 Tloc           N/A          14%         2    ##.....
c - Mephitic Cloud        Conj/Pois/Air  ##......     21%         3    ###....


Dungeon Overview and Level Annotations

Branches:
Dungeon (3/15)

Altars:


Innate Abilities, Weirdness & Mutations

You have sharp toenails.
You are mostly covered in sharp spines.


Message History

v - 6 fruits (gained 5) Done exploring.
Done exploring.
There is a stone staircase leading down here.
You climb downwards.
A kobold comes into view.
There is a stone staircase leading up here.
Aim: a kobold (resting)
The magic dart hits the kobold.
The kobold shouts!
The kobold wields a blowgun.
The kobold shoots a poisoned needle.
The poisoned needle closely misses you.
Aim: a kobold, wielding a blowgun (moderately wounded)
The magic dart hits the kobold.
You kill the kobold!
A goblin comes into view.
Things that are here:
a blowgun; 5 poisoned needles There isn't anything to butcher here.
Aim: a goblin (hasn't noticed you)
You miscast Magic Dart.
You are very lightly contaminated with residual magic.
You are momentarily dazzled by a flash of light!
The goblin shouts!
A bat comes into view.
Aim: a goblin The magic dart hits the goblin.
You kill the goblin!
Aim: a bat The magic dart hits the bat.
The bat closely misses you. The bat is struck by your spines.
You kill the bat!
You see here a bat corpse.
You butcher the bat corpse.
h - 7 chunks of flesh (gained 1)
d - 3 bread rations (gained 1)
Found a stone staircase leading up.
You see here a goblin corpse.
You can't see any susceptible monsters within range! (Use Z to cast anyway.)
You butcher the goblin corpse.
h - 9 chunks of flesh (gained 2)
You see here 18 arrows.
Okay, then.
Your magical contamination has completely faded away.
You now have 92 gold pieces (gained 11). 18 arrows.
The floor.
A rat comes into view.
Aim: a rat The magic dart hits the rat.
You kill the rat!
A goblin comes into view. It is wielding a dagger.
Aim: a goblin, wielding a dagger (resting)
The magic dart hits the goblin.
You kill the goblin!
You see here a dagger.
An orc wizard comes into view. It is wielding a dagger.
Aim: an orc wizard, wielding a dagger and wearing a robe (resting)
The magic dart hits the orc wizard.
The orc wizard shouts!
Aim: an orc wizard, wielding a dagger and wearing a robe (moderately wounded)
The magic dart hits the orc wizard.
Aim: an orc wizard, wielding a dagger and wearing a robe (moderately wounded)
The magic dart hits the orc wizard.
An orc wizard comes into view. It is wielding a dagger.
Aim: an orc wizard, wielding a dagger and wearing a robe (moderately wounded)
The magic dart hits the orc wizard.
The orc wizard shouts!
The orc wizard gestures at you while chanting.
The puff of frost hits you!
An orc comes into view.
Aim: an orc wizard, wielding a dagger and wearing a robe (severely wounded)
The magic dart hits the orc wizard.
The orc shouts!
Aim: an orc wizard, wielding a dagger and wearing a robe (severely wounded)
The magic dart hits the orc wizard.
You kill the orc wizard!
Your Air Magic skill increases to level 1!
Your Poison Magic skill increases to level 1!
You have reached level 4!
You feel clever.
Your demonic ancestry asserts itself...
Sharp spines emerge from more of your body.
Aim: an orc wizard, wielding a dagger and wearing a robe The magic dart hits the orc wizard.
The orc wizard casts a spell.
The orc wizard seems to speed up.
An orc comes into view. It is wielding a club.
You don't have enough magic to cast that spell.
Unknown command.
The orc wizard gestures wildly while chanting.
The orc wizard points at you and mumbles some strange words.
The puff of flame hits you!
The orc wizard points at you and mumbles some strange words.
The puff of frost hits you!
* * * LOW HITPOINT WARNING * * *
The orc wizard looks encouraged for a moment.
You see here 18 arrows.
The orc wizard casts a spell at you. The magic dart hits you!
You die...

▒▒▒▒▒.▒▒.▒.▒▒▒▒▒▒
▒..........▒
▒.▒▒▒.▒▒.▒▒▒ ▒.▒ ▒.▒▒.▒
▒▒▒.▒▒▒.▒▒.▒▒▒▒
▒▒▒)..▒.....<...▒
..▒.▒▒▒.▒.▒.....▒
▒.▒.▒...........▒
▒.▒.▒.▒.▒.▒6....▒▒▒▒
▒.▒.▒.▒...(........▒
▒▒▒▒▒▒.....▒▒▒.▒.....▒▒.
o.)........▒ ▒o▒.....▒
▒▒▒▒▒▒....▒▒▒▒.....▒▒▒
▒.▒...o......▒▒
▒.▒▒▒▒▒▒▒.)▒.▒ ▒.▒
▒▒...▒.▒ ..▒▒▒▒▒......▒


You could see an orc wizard.

Vanquished Creatures
  An orc wizard (D:3)
  An adder (D:2)
  3 dart slugs
  A leopard gecko (D:2)
  5 bats
  2 giant cockroaches (D:1)
  6 hobgoblins
  4 jackals (D:1)
  5 kobolds
  A quokka (D:2)
  2 ball pythons (D:1)
  7 goblins
  8 rats
46 creatures vanquished.

Notes
Turn   | Place    | Note
-------+----------+-------------------------------------------
     0 | D:1      | Jesseh the Demonspawn Wizard began the quest for the Orb.
     0 | D:1      | Reached XP level 1. HP: 13/13 MP: 4/4
   343 | D:1      | Reached skill level 2 in Conjurations
   347 | D:1      | Gained mutation: You have sharp toenails. [demonic ancestry]
   347 | D:1      | Reached XP level 2. HP: 19/19 MP: 1/6
   351 | D:1      | Learned a level 2 spell: Blink
  1055 | D:1      | Reached skill level 3 in Conjurations
  1055 | D:1      | Gained mutation: You are partially covered in sharp spines. [demonic ancestry]
  1055 | D:1      | Reached XP level 3. HP: 24/24 MP: 3/7
  1066 | D:1      | Learned a level 3 spell: Mephitic Cloud
  2052 | D:3      | Reached skill level 1 in Air Magic
  2052 | D:3      | Reached skill level 1 in Poison Magic
  2052 | D:3      | Gained mutation: You are mostly covered in sharp spines. [demonic ancestry]
  2052 | D:3      | Reached XP level 4. HP: 20/30 MP: 0/9
  2058 | D:3      | HP: 2/30 [orc wizard/puff of frost (11)]
  2066 | D:3      | Killed from afar by an orc wizard

Skill      XL: |  1  2  3 |
---------------+----------+-----
Conjurations   | 2 3 |  3.0
Air Magic      | 1 |  1.0
Poison Magic   | 1 |  1.1
Dodging        | |  1.7
Stealth        | |  1.7
Spellcasting   | |  3.6
Summonings     | |  1.0
Translocations | |  0.8

Action                   |  1- 3 |  4- 6 || total
-------------------------+-------+-------++-------
Melee: Dagger            |    36 |       ||    36
       Kick              |     5 |       ||     5
 Cast: Magic Dart        |    91 |     2 ||    93
  Eat: Chunk             |     3 |       ||     3
Armor: Robe              |    12 |       ||    12
Dodge: Dodged            |    47 |       ||    47

Vault maps used:
D:1:      eino_arrival_water_star, serial_glass, glass_columns_a,
          glass_columns_a, chequers_big_river, minivault_24
D:3:      first_bread

Table legend:
 A = Turns spent in this place as a percentage of turns spent in the entire game.
 B = Non-inter-level travel turns spent in this place as a percentage of non-inter-level travel turns spent in the entire game.
 C = Inter-level travel turns spent in this place as a percentage of turns spent in this place.
 D = Turns resting spent in this place as a percentage of non-inter-level travel turns spent in this place.
 E = Turns spent auto-exploring this place as a percentage of non-inter-level travel turns spent in this place.
 F = Non-inter-level travel turns spent in this place divided by the number of levels of this place that you've seen.
                   A       B       C       D       E      F
               +-------+-------+-------+-------+-------+----------------------
         Total | 100.0 | 100.0 |   0.4 |   1.7 |  11.3 | 156.7
       Dungeon | 100.0 | 100.0 |   0.4 |   1.7 |  11.3 | 156.7
               +-------+-------+-------+-------+-------+----------------------

Table legend:
 A = Kills in this place as a percentage of kills in entire the game.
 B = Kills by you in this place as a percentage of kills by you in the entire game.
 C = Kills by friends in this place as a percentage of kills by friends in the entire game.
 D = Other kills in this place as a percentage of other kills in the entire game.
 E = Experience gained in this place as a percentage of experience gained in the entire game.
 F = Experience gained in this place divided by the number of levels of this place that you have seen.
                   A       B       C       D       E      F
               +-------+-------+-------+-------+-------+----------------------
         Total | 100.0 | 100.0 |  -nan |  -nan | 100.0 |  44.3
       Dungeon | 100.0 | 100.0 |  -nan |  -nan | 100.0 |  44.3
               +-------+-------+-------+-------+-------+----------------------
